 Dungeon Crawl Stone Soup version 0.29.0-11-gd7f09526c8 (webtiles) character file.

Game seed: 2368642615298840104

142 mtoz the Trooper (level 5, 47/47 HPs)
             Began as a Minotaur Berserker on Sept 4, 2022.
             Was a Priest of Trog.
             Quit the game on level 3 of the Dungeon.
             The game lasted 00:12:08 (2893 turns).

mtoz the Trooper (Minotaur Berserker)               Turns: 2893, Time: 00:12:09

Health: 47/47      AC:  7    Str: 24    XL:     5   Next: 3%
Magic:  4/4        EV: 11    Int:  4    God:    Trog [***...]
Gold:   137        SH:  0    Dex:  9    Spells: 4/4 levels left

rFire   . . .      SeeInvis .   D - +0 war axe
rCold   . . .      Faith    .   (no shield)
rNeg    . . .      Spirit   +   l - +0 scale mail
rPois   .          Reflect  .   (helmet restricted)
rElec   .          Harm     .   (no cloak)
rCorr   .          Rampage  .   (no gloves)
Will    .....                   (no boots)
Stlth   ..........              E - amulet of guardian spirit
HPRegen 0.15/turn               (no ring)
MPRegen 0.09/turn               (no ring)

@: no status effects
A: horns 2, retaliatory headbutt
a: Renounce Religion, Berserk, Trog's Hand


You were on level 3 of the Dungeon.
You worshipped Trog.
Trog was most pleased with you.
You visited 1 branch of the dungeon, and saw 3 of its levels.

You collected 137 gold pieces.

Inventory:

Hand Weapons
 a - a +0 hand axe
 g - a +0 short sword
 h - a +0 whip
 n - a +0 club
 o - a +0 whip
 p - a +0 falchion
 r - a +0 club
 s - a +0 hand axe
 t - a +0 dagger
 u - a +0 dagger
 B - a +0 hand axe of venom
 D - a +0 war axe (weapon)
Missiles
 i - 3 javelins (quivered)
 m - 35 stones
 q - 10 poisoned darts
Armour
 b - a +0 animal skin
 c - a +2 helmet
 f - a +0 leather armour
 l - a +0 scale mail (worn)
Jewellery
 v - a ring of fire
 E - an amulet of guardian spirit (around neck)
 J - a ring of protection from fire
Wands
 F - a wand of digging (5)
Scrolls
 d - 2 scrolls of identify {unknown}
 k - 2 scrolls of teleportation {unknown}
 x - a scroll of poison {unknown}
 y - a scroll of immolation {unknown}
 A - 2 scrolls of noise {unknown}
 H - a scroll of magic mapping {unknown}
Potions
 e - a potion of resistance {unknown}
 j - a potion of curing {unknown}
 w - a potion of flight {unknown}
 z - 2 potions of heal wounds {unknown}
 C - a potion of might {unknown}
 G - a potion of haste {unknown}
 I - a potion of brilliance {unknown}


   Skills:
 + Level 4.7 Fighting
 + Level 4.7 Axes
 + Level 3.7 Armour
 + Level 3.4 Dodging


You had 4 spell levels left.
You didn't know any spells.
Your spell library was empty.

Dungeon Overview and Level Annotations

Branches:
Dungeon (3/15)

Altars:


Innate Abilities, Weirdness & Mutations

You have a pair of horns on your head.
You reflexively headbutt those who attack you in melee.


Message History

You have reached level 5!
You now have 137 gold pieces (gained 12).
F - a wand of digging (5)
You see here a +0 club.
G - a glowing green potion
There is an open door here.
You open the door.
There is an open door here.
An orc comes into view. It is wielding a +0 hand axe.
The orc shouts!
An endoplasm comes into view.
The endoplasm quivers.
An endoplasm comes into view.
The endoplasm quivers.
You slash the orc!
You kill the orc!
Trog accepts your kill.
You barely miss the endoplasm. The endoplasm completely misses you.
You hit the endoplasm.
You kill the endoplasm!
Trog accepts your kill.
You hit the endoplasm.
The endoplasm is severely wounded.
The endoplasm hits you but does no damage.
You slash the endoplasm!
You kill the endoplasm!
Trog accepts your kill.
No target in view!
No target in view!
Things that are here:
a +0 hand axe; a +0 chain mail; an orc corpse
Found a dagger.
H - a scroll labelled HEFFIO FIKU
I - a bubbling orange potion
k - 2 scrolls labelled ZOLOUP ENOUK (gained 1)
Things that are here:
a +0 hand axe; a +0 chain mail; an orc corpse
There is an open door here.
J - a ring of protection from fire Are you sure you want to abandon this character and quit the game? (Confirm with "yes".)

....#.###.#..
#.#...........
#.##.#.###.#..
#.............
######..###### #....#
####.#
###################.#
.......@...........>#
..........#########.#
#########.### #.#
#...# #.#
############# ####.#
#.#
#.#..#..#...###..#.#
#.#
#.##.##...###.#....#
#.#
#..#....###.#..#.#.#
#.#
##†.†)###....#.#'#.#
#.#


There were no monsters in sight!

Vanquished Creatures
  Jessica (D:2)
  A gnoll (D:3)
  4 adders
  A worm (D:3)
  3 dart slugs
  3 orcs (D:3)
  6 bats
  7 endoplasms
  3 giant cockroaches
  9 goblins
  4 hobgoblins
  4 kobolds
  A quokka (D:3)
  3 ball pythons
  3 frilled lizards
  5 rats
58 creatures vanquished.

Notes
Turn   | Place    | Note
-------+----------+-------------------------------------------
     0 | D:1      | mtoz the Minotaur Berserker began the quest for the Orb.
     0 | D:1      | Reached XP level 1. HP: 19/19 MP: 0/0
   546 | D:1      | Reached XP level 2. HP: 27/27 MP: 1/1
  1514 | D:2      | Reached ** piety under Trog
  1528 | D:2      | Noticed Jessica
  1533 | D:2      | Reached XP level 3. HP: 30/33 MP: 2/2
  1538 | D:2      | Killed Jessica
  1629 | D:2      | Reached XP level 4. HP: 26/40 MP: 3/3
  1997 | D:2      | Found a faded altar of an unknown god.
  2713 | D:3      | Reached *** piety under Trog
  2714 | D:3      | Reached XP level 5. HP: 34/47 MP: 4/4
  2893 | D:3      | Quit the game

Illustrated notes

Levels and vault maps discovered:
D:1:      saegor_arrival_simple_a, layout_basic
D:2:      layout_rooms, shapermc_ecumenical_altar_mp_vishouse, serial_forest,
          infiniplex_forest_lined_3, infiniplex_forest_lined_corner,
          infiniplex_forest_clump_medium, infiniplex_forest_split,
          infiniplex_forest_end_2, glass_columns_c,
          chequers_serial_rivers_small_b, uniq_jessica
D:3:      minmay_razor_zed, layout_basic, ashenzari_conservatory_becter,
          tgw_xom, minmay_surrounded

Skill      XL: |  1  2  3 |
---------------+----------+-----
Axes           | 4 |  4.7
Fighting       | 4 |  4.7
Armour         | 3 |  3.7
Dodging        | 3 |  3.4

Action                   |  1- 3 |  4- 6 || total
-------------------------+-------+-------++-------
Melee: Hand axe          |    55 |    25 ||    80
       Headbutt          |     9 |     7 ||    16
       Punch             |     1 |       ||     1
       War axe           |       |    31 ||    31
Armor: Scale mail        |    14 |    21 ||    35
Dodge: Dodged            |    31 |    31 ||    62
